 Dungeon Crawl Stone Soup version 0.31-a0-187-gba352fbbf7 (webtiles) character file.

Game seed: 15238973554168059706

268 innerfire43 the Poker (level 6, -9/48 HPs)
             Began as a Demonspawn Monk on June 22, 2023.
             Was a Believer of Nemelex Xobeh.
             Killed by divine providence
             ... invoked by an orc priest
              (12 damage)
             ... on level 4 of the Dungeon.
             The game lasted 00:06:18 (3249 turns).

innerfire43 the Poker (Demonspawn Monk)             Turns: 3249, Time: 00:06:18

Health: -9/48      AC: 11    Str: 12    XL:     6   Next: 1%
Magic:  6/6        EV:  3    Int: 14    God:    Nemelex Xobeh [**....]
Gold:   229        SH:  0    Dex: 18    Spells: 5/5 levels left

rFire   . . .        a - +0 spear
rCold   + . .        d - orb {light}
rNeg    . . .        m - +1 plate armour
rPois   .            (no helmet)
rElec   .            (no cloak)
rCorr   .            (no gloves)
SInv    .            (no boots)
Will    +....        (no amulet) Stlth
                     j - ring of flight
HPRegen 0.28/turn    l - ring of protection from cold
MPRegen 0.10/turn

%: no passive effects
@: flying, glowing
A: demonic magic 1, weakness stinger 2, agile 1, clever 1, strong-willed 1
a: Renounce Religion, Draw Escape, Draw Destruction, Draw Summoning


You were on level 4 of the Dungeon.
You worshipped Nemelex Xobeh.
Nemelex Xobeh was pleased with you.
You visited 2 branches of the dungeon, and saw 5 of its levels.

You collected 229 gold pieces.

Inventory:

Hand Weapons
 a - a +0 spear (weapon)
 c - a +1 dagger of venom
Armour
 b - a +0 robe
 d - an orb of light (worn)
 f - a +0 ring mail
 m - a +1 plate armour (worn)
Jewellery
 g - a ring of see invisible
 j - a ring of flight (left hand)
 l - a ring of protection from cold (right hand)
 u - a +4 ring of protection
Wands
 n - a wand of iceblast (2)
Scrolls
 e - a scroll of amnesia
 p - a scroll of immolation


   Skills:
 + Level 4.0 Fighting
 + Level 5.1 Polearms
 + Level 1.0 Armour
 + Level 3.3 Dodging
 + Level 0.1 Stealth


You had 5 spell levels left.
You didn't know any spells.
Your spell library contained the following spells:

 Spells                   Type           Power      Damage    Failure   Level
 Freeze                   Ice            0%         1d3       100%        1
 Frozen Ramparts          Ice            0%         1d1       100%        3
 Hailstorm                Conj/Ice       0%         3d3       100%        3


Dungeon Overview and Level Annotations

Branches:
Dungeon (4/15)             Temple (1/1) D:4

Altars:
Ashenzari
Dithmenos
Gozag
Hepliaklqana
Makhleb
Nemelex Xobeh
Okawaru
Qazlal
Ru
Sif Muna
Trog
Uskayaw
Vehumet
Xom
Yredelemnul

Shops:
D:1 *

Annotations:
D:4 1 runed translucent door, Crazy Yiuf


Innate Abilities, Weirdness & Mutations

Spells you cast may paralyse adjacent enemies.
You have a tail ending in a sharp stinger.
You are agile. (Dex +4, Str/Int -1)
Your mind is acute. (Int +4, Str/Dex -1)
You are strong-willed. (Will+)


Message History

You are too injured to fight recklessly!
You hit the orc wizard but do no damage.
The orc wizard hits you but does no damage.
You completely miss the orc wizard. The orc hits you but does no damage.
You hit the orc wizard but do no damage.
You tail-slap the orc wizard.
The orc wizard is lightly wounded.
You hit the orc wizard.
The orc wizard is moderately wounded.
The orc wizard hits you but does no damage.
The orc hits you but does no damage.
You hit the orc wizard.
The orc wizard is moderately wounded.
The orc wizard hits you with a +0 dagger.
* * * LOW HITPOINT WARNING * * *
The orc hits you but does no damage.
You closely miss the orc wizard. You tail-slap the orc wizard.
The orc wizard is heavily wounded.
You hit the orc but do no damage. The orc hits you with a +0 club.
* * * LOW HITPOINT WARNING * * *
You barely miss the orc wizard.
The orc wizard is heavily wounded.
The orc wizard hits you but does no damage.
The orc priest calls upon Beogh to heal the orc wizard.
The orc wizard is healed somewhat.
The orc hits you but does no damage.
You closely miss the orc wizard.
The orc wizard is moderately wounded.
The orc wizard hits you but does no damage.
The orc hits you with a +0 club.
* * * LOW HITPOINT WARNING * * *
You hit the orc wizard but do no damage.
The orc wizard is lightly wounded.
The orc wizard hits you but does no damage.
The orc completely misses you.
You hit the orc wizard but do no damage.
The orc wizard is lightly wounded.
The orc priest invokes the aid of Beogh against you.
Beogh smites you!
You die...
Your body disappears without additional glow.

.....8.8.8.####........>...
......⌠.⌠..................
.....8.>.8.................
......⌠.⌠..................
.....8.8.8.................
....................#######
...##..............##
####......#####...##§≈§
#......@oo.#..##§§..
#......#oo.#.##§§...
#......#...###≈≈....
#......#...# ≈≈..§.≈
#......#...##≈..§.§§
#......#...'#§..§.§§
#......#....†.....§≈
#......###+)†.....§§
#...........#≈..?§§§


You could see an orc priest, an orc wizard (invisible) and 2 orcs.

Vanquished Creatures
  Menkaure (D:4)
  A gnoll (D:1)
  5 adders
  2 dart slugs (D:4)
  3 orcs
  7 bats
  8 endoplasms
  3 giant cockroaches
  10 goblins
  7 hobgoblins
  15 jackals
  5 quokkas
  8 ball pythons
  5 frilled lizards
  6 kobolds
  A rat (D:1)
87 creatures vanquished.

Vanquished Creatures (others)
  3 ball pythons (D:3)
3 creatures vanquished.

Grand Total: 90 creatures vanquished

Notes
Turn   | Place    | Note
-------+----------+-------------------------------------------
     0 | D:1      | innerfire43 the Demonspawn Monk began the quest for the
                  | Orb.
     0 | D:1      | Reached XP level 1. HP: 18/18 MP: 1/1
    35 | D:1      | Found Ogohumomn's General Store.
   115 | D:1      | Gained mutation: You have a small tail. [demonic ancestry]
   115 | D:1      | Reached XP level 2. HP: 24/24 MP: 2/2
   124 | D:1      | Reached skill level 3 in Polearms
   332 | D:1      | Reached XP level 3. HP: 20/29 MP: 3/3
  1171 | D:2      | Reached XP level 4. HP: 11/35 MP: 4/4
  1738 | D:3      | Reached skill level 4 in Polearms
  1954 | D:3      | Found a shimmering altar of Xom.
  2503 | D:4      | Noticed Menkaure
  2518 | D:4      | Killed Menkaure
  2519 | D:4      | Gained mutation: Spells you cast may paralyse adjacent
                  | enemies. [demonic ancestry]
  2519 | D:4      | Reached XP level 5. HP: 23/42 MP: 5/5
  2604 | D:4      | Found a staircase to the Ecumenical Temple.
  2623 | Temple   | Entered the Ecumenical Temple
  2844 | Temple   | Became a worshipper of Nemelex Xobeh the Trickster
  2844 | Temple   | Reached * piety under Nemelex Xobeh
  2844 | Temple   | Received a gift from Nemelex Xobeh
  2844 | Temple   | Reached ** piety under Nemelex Xobeh
  2930 | D:4      | Reached skill level 5 in Polearms
  3021 | D:4      | Found a runed translucent door.
  3022 | D:4      | Noticed Crazy Yiuf
  3219 | D:4      | Gained mutation: You have a tail ending in a sharp stinger.
                  | [demonic ancestry]
  3219 | D:4      | Reached XP level 6. HP: 44/48 MP: 6/6
  3223 | D:4      | Reached skill level 1 in Armour
  3238 | D:4      | Gained mutation: You are agile. (Dex +4, Str/Int -1)
                  | [potion of mutation]
  3238 | D:4      | Gained mutation: You are strong-willed. (Will+) [potion of
                  | mutation]
  3238 | D:4      | Gained mutation: Your mind is acute. (Int +4, Str/Dex -1)
                  | [potion of mutation]
  3249 | D:4      | Killed from afar by an orc priest

Illustrated notes

Levels and vault maps discovered:
D:1:      ncdulo_halloftheorcs, layout_loops_cross, serial_shops, shop,
          minmay_misc_feat_five, minmay_misc_feat_diagonals, serial_park_tiny_2
D:2:      layout_loops_cross
D:3:      layout_loops_cross, xom_confusion_cloud, mrwooster_statue_mirror
D:4:      layout_gridville, minmay_temple_entry_statues_fountains,
          minmay_misc_feat_enclosed, nicolae_zen_rock_garden,
          kennysheep_big_empty_room, uniq_menkaure, uniq_crazy_yiuf_cottage,
          uniq_edmund
Temple:   nicolae_temple_superstar

Skill      XL: |  1  2  3  4  5  6 |
---------------+-------------------+-----
Polearms       | 3 4 5 |  5.1
Dodging        | 3 |  3.3
Fighting       | 4 |  4.0
Armour         | 1 |  1.0
Stealth        | |  0.1

Action                     |  1- 3 |  4- 6 || total
---------------------------+-------+-------++-------
  Melee: Spear             |   141 |   167 ||   308
         Tailslap          |    11 |    21 ||    32
    Use: Potion            |     1 |     3 ||     4
         Scroll            |       |     9 ||     9
 Armour: Robe              |    36 |     7 ||    43
         Plate armour      |       |    60 ||    60
  Dodge: Dodged            |   133 |    55 ||   188

Table legend: (Time is in decaauts)
 A = Elapsed time spent in this place.
 B = Non-inter-level travel time spent in this place.
 C = Inter-level travel time spent in this place.
 D = Time resting spent in this place.
 E = Time spent auto-exploring this place.
 F = Levels seen in this place.
 G = Mean time per level.
                   A        B        C        D        E       F      G
               +--------+--------+--------+--------+--------+-----+--------+
         Total |   3218 |   3032 |    186 |      0 |   2185 |   5 |  643.6 |
       Dungeon |   2955 |   2769 |    186 |      0 |   2185 |   4 |  738.8 |
        Temple |    262 |    262 |      0 |      0 |      0 |   1 |  262.0 |
               +--------+--------+--------+--------+--------+-----+--------+

Top non-repeatable levels by time:
     D:1: 908 daAuts
     D:3: 844 daAuts
     D:2: 728 daAuts
     D:4: 474 daAuts
  Temple: 262 daAuts
